[Event "Titled Tuesday Blitz November 01 Late 2022"]
[White "Roman, Rodrigo"]
[Black "Shapiro, Daniel"]
[WhiteFideId "3701220"]
[BlackFideId "2001780"]
[WhiteElo "2001"]
[BlackElo "2285"]
[Result "0-1"]
[Round "05"]
[TimeControl "180+1"]
[Date "2022.11.02"]
[WhiteClock "0:00:03"]
[BlackClock "0:00:05"]

1. e4 e5 2. Nf3 Nc6 3. Bb5 a6 4. Bxc6 dxc6 5. O-O Ne7 6. Nxe5 Qd4 7. Nf3 Qxe4 8. Re1 Qg6 9. d4 f6 10. Nc3 Bg4 11. Nh4 Qh5 12. f3 Bd7 13. g3 O-O-O 14. Ng2 g5 15. Be3 c5 16. d5 Nf5 17. Bf2 Qf7 18. f4 b6 19. a4 Nd4 20. a5 g4 21. Bxd4 cxd4 22. Ne2 Qxd5 23. axb6 cxb6 24. Rxa6 Bc5 25. Qd3 Bc6 0-1


[Site "https://www.chess.com"]

[Event "Titled Tuesday Blitz November 01 Late 2022"]
[White "Roque Sola, Gisela"]
[Black "Arbunic Castro, Giovanna"]
[WhiteFideId "5120241"]
[BlackFideId "3400549"]
[WhiteElo "1961"]
[BlackElo "1854"]
[Result "1-0"]
[Round "05"]
[TimeControl "180+1"]
[Date "2022.11.02"]
[WhiteClock "0:01:32"]
[BlackClock "0:00:41"]

1. e4 g6 2. d4 Bg7 3. c3 d5 4. exd5 Qxd5 5. Nf3 Bg4 6. Be2 Nc6 7. h3 Bf5 8. Bf4 O-O-O 9. Nbd2 h6 10. Bc4 Qd7 11. Bxf7 Nf6 12. Bc4 g5 13. Ne5 Nxe5 14. Bxe5 Rhf8 15. Qb3 g4 16. hxg4 Bxg4 17. f3 Bf5 18. O-O-O Qc6 19. Bb5 Qe6 20. Qa4 a6 21. Bc4 b5 22. Bxe6+ Bxe6 23. Qxa6+ 1-0


[Site "https://www.chess.com"]

[Event "Titled Tuesday Blitz November 01 Late 2022"]
[White "Roque Sola, Jose Luis"]
[Black "Fishchuk, Vladyslav"]
[WhiteFideId "5120390"]
[BlackFideId "34122117"]
[WhiteElo "2117"]
[BlackElo "2054"]
[Result "0-1"]
[Round "05"]
[TimeControl "180+1"]
[Date "2022.11.02"]
[WhiteClock "0:00:06"]
[BlackClock "0:00:24"]

1. c4 e5 2. Nc3 Bb4 3. Nd5 Be7 4. b3 c6 5. Nxe7 Qxe7 6. Bb2 Nf6 7. g3 O-O 8. Bg2 d5 9. cxd5 cxd5 10. Nf3 Nc6 11. O-O Bf5 12. d3 Rac8 13. Rc1 Rfd8 14. a3 d4 15. Nd2 e4 16. dxe4 Nxe4 17. Nxe4 Bxe4 18. Bxe4 Qxe4 19. Qc2 Qg4 20. Qd3 Rd5 21. b4 Re8 22. b5 Ne5 23. Qb3 Rd6 24. f4 Ng6 25. Rc7 Rd7 26. Rxd7 Qxd7 27. Qc4 h5 28. Qxd4 Qxd4+ 29. Bxd4 Rxe2 30. Bxa7 Rb2 31. b6 Ra2 32. Rf3 Ne7 33. Bb8 Nd5 34. Bd6 Nxb6 35. Rf2 Ra1+ 36. Kg2 Nc4 37. Bb4 b5 38. Re2 Nxa3 39. Bxa3 Rxa3 40. Rb2 Ra5 41. Rb4 g6 42. Kf3 Kg7 43. h3 Kf6 44. g4 h4 45. Ke4 Ke6 46. f5+ Kd6 47. fxg6 fxg6 48. Kf4 Ra4 49. Re4 Rxe4+ 50. Kxe4 b4 51. Kd4 g5 52. Kc4 Ke5 53. Kxb4 Kf4 54. Kc4 Kg3 55. Kd4 Kxh3 0-1


[Site "https://www.chess.com"]

[Event "Titled Tuesday Blitz November 01 Late 2022"]
[White "Rorrer, Grayson"]
[Black "Besedes, Danilo"]
[WhiteFideId "30944996"]
[BlackFideId "946796"]
[WhiteElo "2130"]
[BlackElo "2352"]
[Result "1-0"]
[Round "05"]
[TimeControl "180+1"]
[Date "2022.11.02"]
[WhiteClock "0:00:13"]
[BlackClock "0:00:17"]

1. e4 d6 2. d4 e5 3. Nf3 exd4 4. Nxd4 Nf6 5. Nc3 Be7 6. Bf4 O-O 7. Qd2 Nc6 8. O-O-O Ne5 9. f3 a6 10. g4 c5 11. Nf5 Bxf5 12. exf5 b5 13. g5 Nh5 14. Be3 Re8 15. Be2 Nc4 16. Bxc4 bxc4 17. Nd5 Bf8 18. Rhg1 Qd7 19. f6 g6 20. Nb6 Qb5 21. Nxa8 Rxa8 22. Qc3 Qc6 23. Qxc4 Qxf3 24. Rge1 Re8 25. Bd2 Rxe1 26. Rxe1 Nf4 27. Qxf4 1-0


[Site "https://www.chess.com"]

[Event "Titled Tuesday Blitz November 01 Late 2022"]
[White "Rose, Felix"]
[Black "Khandelwal, Ankush"]
[WhiteFideId "5105722"]
[BlackFideId "413470"]
[WhiteElo "2039"]
[BlackElo "2271"]
[Result "1-0"]
[Round "05"]
[TimeControl "180+1"]
[Date "2022.11.02"]
[WhiteClock "0:00:37"]
[BlackClock "0:00:13"]

1. e4 c5 2. Nf3 d6 3. d4 cxd4 4. Nxd4 Nf6 5. Nc3 a6 6. Be3 e5 7. Nb3 Be7 8. f3 Be6 9. Qd2 h5 10. Nd5 Nxd5 11. exd5 Bf5 12. Be2 a5 13. Rc1 a4 14. Na1 Nd7 15. O-O O-O 16. c4 Bg6 17. b4 f5 18. a3 h4 19. Nc2 f4 20. Bf2 h3 21. Bd3 hxg2 22. Rfe1 Qe8 23. Kxg2 Bf5 24. Kh1 Qh5 25. Bxf5 Rxf5 26. Rg1 Qxf3+ 27. Rg2 Kf7 28. Ne1 Qh3 29. c5 Rh8 30. c6 f3 31. Nxf3 Qxf3 32. cxd7 Rg5 33. Bb6 e4 34. Kg1 e3 35. Bxe3 Rxg2+ 36. Qxg2 Qxe3+ 37. Qf2+ Qxf2+ 38. Kxf2 Rd8 39. Rc7 b5 40. Rb7 Bf6 41. Ke3 Ke7 42. Rxb5 Rxd7 43. Ra5 Be5 44. h3 Rc7 45. Rxa4 Rc3+ 46. Ke4 Rxh3 47. Kf5 Rf3+ 48. Kg4 Rg3+ 49. Kf5 g6+ 50. Ke4 Kf6 51. Ra8 Rb3 52. Rf8+ Kg7 53. Ra8 g5 54. Kf5 Bf4 55. Ra5 Kh6 56. b5 Kh5 57. a4 g4 58. Ra8 g3 59. Kxf4 g2 60. Rg8 Rb4+ 61. Kf5 Kh4 62. Rxg2 Rxa4 63. Rb2 1-0


[Site "https://www.chess.com"]

[Event "Titled Tuesday Blitz November 01 Late 2022"]
[White "Rosen, Eric"]
[Black "Aguilar, Juan"]
[WhiteFideId "2032562"]
[BlackFideId "3800091"]
[WhiteElo "2362"]
[BlackElo "2439"]
[Result "1-0"]
[Round "05"]
[TimeControl "180+1"]
[Date "2022.11.02"]
[WhiteClock "0:00:07"]
[BlackClock "0:00:02"]

1. d4 Nf6 2. Bf4 c5 3. e3 Nd5 4. Bg3 Qb6 5. b3 cxd4 6. exd4 Nc6 7. c3 g6 8. Nf3 Bg7 9. Be2 O-O 10. O-O d6 11. Re1 Bf5 12. Qd2 Nf6 13. Bd3 Bg4 14. Qf4 e5 15. dxe5 dxe5 16. Nxe5 Nxe5 17. Rxe5 Rad8 18. Bc2 h5 19. h3 Bc8 20. Na3 Nd5 21. Qf3 Bxe5 22. Bxe5 Rfe8 23. Bd4 Qd6 24. Nc4 Qf4 25. Qd3 Nf6 26. g3 Qe4 27. Qd2 Qe7 28. Qf4 Nd5 29. Qh6 Nf6 30. Kg2 Bd7 31. Ne5 Bc6+ 32. Nxc6 bxc6 33. Re1 Qd6 34. Rd1 Qd5+ 35. Kg1 Qf3 36. Rf1 Rxd4 37. cxd4 Re2 38. Bd1 Ne4 39. Bxe2 Qxe2 40. Qf4 Nd2 41. Rc1 Nf3+ 42. Kg2 Nd2 43. b4 Kh7 44. Qe3 Qxe3 45. fxe3 Ne4 46. Rxc6 Kg7 47. Rc7 Nd6 48. Rxa7 Nc4 49. a4 Nxe3+ 50. Kf3 Nd5 51. b5 Nf6 52. b6 1-0


[Site "https://www.chess.com"]

[Event "Titled Tuesday Blitz November 01 Late 2022"]
[White "Sabar, Ethmane Daouda"]
[Black "Sanchez, Robert"]
[WhiteFideId "19600097"]
[BlackFideId "2034360"]
[WhiteElo "1950"]
[BlackElo "2403"]
[Result "1-0"]
[Round "05"]
[TimeControl "180+1"]
[Date "2022.11.02"]
[WhiteClock "0:00:13"]
[BlackClock "0:00:17"]

1. b3 e6 2. Bb2 d5 3. e3 Nf6 4. f4 Be7 5. Nf3 O-O 6. Be2 c5 7. O-O Nc6 8. d3 Ng4 9. Qd2 d4 10. exd4 cxd4 11. h3 Ne3 12. Rc1 Bc5 13. a3 a5 14. Qe1 Qd6 15. Qh4 Nf5 16. Qg5 f6 17. Qg4 e5 18. fxe5 Nxe5 19. Nxe5 fxe5 20. Bf3 Be6 21. Nd2 Ne3 22. Qg3 Qc7 23. Ne4 Be7 24. Bxd4 Nf5 25. Qxe5 Qd7 26. Bb2 Bd5 27. Qxd5+ Qxd5 28. Nf6+ Bxf6 29. Bxd5+ Kh8 30. Bxf6 Rxf6 31. Rf1 Raf8 32. c4 Nd4 33. Rxf6 Rxf6 34. c5 h5 35. b4 a4 36. Re1 h4 37. Re4 Rf4 38. Rxf4 Ne2+ 39. Kf1 Nxf4 40. Bxb7 Nxd3 41. c6 1-0


[Site "https://www.chess.com"]

[Event "Titled Tuesday Blitz November 01 Late 2022"]
[White "Sai Krishna G V"]
[Black "Ladan, Nicholas"]
[WhiteFideId "5028280"]
[BlackFideId "30918855"]
[WhiteElo "2359"]
[BlackElo "2167"]
[Result "1-0"]
[Round "05"]
[TimeControl "180+1"]
[Date "2022.11.02"]
[WhiteClock "0:01:30"]
[BlackClock "0:00:21"]

1. Nf3 d5 2. g3 Bg4 3. Bg2 Nd7 4. O-O e5 5. d3 Bd6 6. h3 Bh5 7. e4 dxe4 8. dxe4 Ne7 9. Nbd2 O-O 10. g4 Bg6 11. Nh4 Nc6 12. Nf5 Bxf5 13. exf5 Re8 14. Ne4 Nf6 15. Bg5 Be7 16. Bxf6 Bxf6 17. c3 Qxd1 18. Rfxd1 Rad8 19. Kf1 Be7 20. Ke2 Na5 21. Nd2 c5 22. a3 c4 23. Nf1 Bg5 24. Bd5 b5 25. Ng3 Kf8 26. Ne4 Bf4 27. a4 Nb3 28. Ra3 a6 29. axb5 axb5 30. Bc6 Rxd1 31. Kxd1 Rd8+ 32. Ke2 Nc1+ 33. Kf3 Rd3+ 34. Kg2 b4 35. Ra8+ Ke7 36. Re8# 1-0


[Site "https://www.chess.com"]

[Event "Titled Tuesday Blitz November 01 Late 2022"]
[White "Sanal, Vahap"]
[Black "Zakhartsov, Vladimir"]
[WhiteFideId "6300545"]
[BlackFideId "4145097"]
[WhiteElo "2574"]
[BlackElo "2492"]
[Result "1-0"]
[Round "05"]
[TimeControl "180+1"]
[Date "2022.11.01"]
[WhiteClock "0:00:05"]
[BlackClock "0:00:03"]

1. e4 c5 2. Nf3 Nc6 3. d4 cxd4 4. Nxd4 Nf6 5. Nc3 e6 6. Be2 Bb4 7. Nxc6 bxc6 8. Bd2 d5 9. O-O O-O 10. Bd3 a5 11. a3 Bd6 12. Qe2 Qc7 13. h3 Rb8 14. Rab1 h6 15. Kh1 Bf4 16. Bxf4 Qxf4 17. g3 Qc7 18. Kh2 c5 19. b3 Bb7 20. e5 Nd7 21. f4 Bc6 22. Rbe1 Rbe8 23. a4 f6 24. Nb5 Qd8 25. Nd6 Re7 26. Qh5 c4 27. bxc4 dxc4 28. Bxc4 Nb6 29. Bd3 Nc8 30. Nxc8 Qxc8 31. exf6 Rxf6 32. Qxa5 Rff7 33. Rf2 Bd5 34. Qb4 Rb7 35. Qd4 Rbc7 36. f5 Rf6 37. Rfe2 Re7 38. fxe6 Ba8 39. Qd6 Re8 40. Qd4 Qc7 41. Rf2 Qb7 42. Be4 Qb8 43. Rxf6 gxf6 44. Bxa8 Qxa8 45. Qxf6 Qa5 46. Qg6+ Kh8 47. Qxe8+ Kh7 48. Qf7+ Kh8 49. Rd1 Qb6 50. Qf6+ Kg8 51. Rd8+ Kh7 52. Rh8# 1-0


[Site "https://www.chess.com"]

[Event "Titled Tuesday Blitz November 01 Late 2022"]
[White "Sanchez Enriquez, Oscar Gerardo"]
[Black "Polster, Christian"]
[WhiteFideId "5106311"]
[BlackFideId "12965081"]
[WhiteElo "2375"]
[BlackElo "2209"]
[Result "1-0"]
[Round "05"]
[TimeControl "180+1"]
[Date "2022.11.02"]
[WhiteClock "0:02:05"]
[BlackClock "0:00:01"]

1. e4 c5 2. Nf3 d6 3. Bc4 Nf6 4. Qe2 Nc6 5. h3 e6 6. Bb3 Be7 7. O-O O-O 8. c3 Qb6 9. Rd1 Bd7 10. d4 cxd4 11. cxd4 d5 12. e5 Ne4 13. Nc3 Nxc3 14. bxc3 Na5 15. Bc2 Bb5 16. Qe3 Rac8 17. Rb1 Qc6 18. Qf4 Ba6 19. Bd2 Nc4 20. Bc1 Na5 21. Qg4 Qxc3 22. Bh6 g6 23. Bxf8 Bxf8 24. Bb3 Ba3 25. Qf4 Be2 26. Ng5 Rc7 27. Re1 Bd3 28. Rbd1 h6 29. Nf3 g5 30. Qg4 Bf5 31. Qh5 Kg7 32. h4 g4 33. Re3 1-0


[Site "https://www.chess.com"]

[Event "Titled Tuesday Blitz November 01 Late 2022"]
[White "Seo, Jung Min"]
[Black "Dubov, Daniil"]
[WhiteFideId "1734687"]
[BlackFideId "24126055"]
[WhiteElo "2455"]
[BlackElo "2791"]
[Result "1-0"]
[Round "05"]
[TimeControl "180+1"]
[Date "2022.11.01"]
[WhiteClock "0:00:03"]
[BlackClock "0:00:06"]

1. e4 e5 2. Nf3 Nc6 3. Bb5 a6 4. Ba4 Nge7 5. d4 exd4 6. Nxd4 Nxd4 7. Qxd4 Nc6 8. Qe3 Be7 9. O-O O-O 10. Nc3 b5 11. Bb3 Bb7 12. Nd5 Na5 13. Bd2 Nxb3 14. axb3 Bxd5 15. exd5 Bf6 16. Bc3 Re8 17. Qd3 d6 18. Rfe1 Bxc3 19. Qxc3 Rxe1+ 20. Rxe1 Qd7 21. g3 h5 22. h4 a5 23. Re4 a4 24. b4 Qf5 25. Qd3 g6 26. Re3 Qf6 27. c3 a3 28. bxa3 Rxa3 29. Qxb5 Rxc3 30. Rxc3 Qxc3 31. Qb7 Kg7 32. b5 Kf6 33. Qc6 Qxc6 34. dxc6 Ke7 35. Kf1 Kd8 36. Ke2 Kc8 37. Kd3 Kb8 38. f3 Ka7 39. g4 Kb6 40. Kc4 f6 41. gxh5 gxh5 42. f4 f5 43. Kd5 Kxb5 44. Ke6 Kxc6 45. Kxf5 Kd7 46. Kg6 d5 47. f5 d4 48. f6 d3 49. f7 d2 50. f8=Q d1=Q 51. Qf5+ Kd6 52. Qxh5 Qd3+ 53. Qf5 Qg3+ 54. Qg5 Qd3+ 55. Kg7 Qd4+ 56. Qf6+ Qxf6+ 57. Kxf6 c5 58. h5 c4 59. h6 c3 60. h7 Kd5 61. h8=Q Kd4 62. Qd8+ Ke3 63. Qe7+ Kd2 64. Qd6+ Kc1 65. Qf4+ Kb2 66. Qb4+ Kc2 67. Ke5 Kd3 68. Qd4+ Kc2 69. Kd5 Kb3 70. Qc4+ Kb2 71. Qb4+ Ka2 72. Qxc3 Kb1 73. Qd2 1-0


[Site "https://www.chess.com"]

[Event "Titled Tuesday Blitz November 01 Late 2022"]
[White "Shipov, Sergei"]
[Black "Chigaev, Maksim"]
[WhiteFideId "4113624"]
[BlackFideId "4108116"]
[WhiteElo "2783"]
[BlackElo "2537"]
[Result "0-1"]
[Round "05"]
[TimeControl "180+1"]
[Date "2022.11.01"]
[WhiteClock "0:02:22"]
[BlackClock "0:01:06"]

1. d4 Nf6 2. c4 g6 3. Nc3 d5 4. Nf3 Bg7 5. cxd5 Nxd5 6. Na4 O-O 7. e4 Nb6 8. Be2 Bg4 9. Be3 Nc6 10. d5 Bxf3 11. gxf3 Ne5 12. Rc1 Ned7 13. b4 Nxa4 14. Qxa4 Nb6 15. Qb3 Qd6 16. h4 Be5 17. h5 Bf4 18. Bxf4 Qxf4 19. hxg6 Qxc1+ 0-1


[Site "https://www.chess.com"]

[Event "Titled Tuesday Blitz November 01 Late 2022"]
[White "Silva Lucena, Cristian"]
[Black "Kodinets, Konstantin L."]
[WhiteFideId "2232588"]
[BlackFideId "4122011"]
[WhiteElo "2223"]
[BlackElo "2447"]
[Result "0-1"]
[Round "05"]
[TimeControl "180+1"]
[Date "2022.11.02"]
[WhiteClock "0:00:46"]
[BlackClock "0:00:07"]

1. e4 e5 2. Nf3 d6 3. d4 exd4 4. Nxd4 Nf6 5. Nc3 Be7 6. g3 O-O 7. Bg2 Re8 8. O-O Nbd7 9. h3 Ne5 10. b3 c6 11. f4 Ng6 12. Kh2 Bf8 13. Bb2 Qc7 14. Qd3 Bd7 15. Rad1 Rad8 16. a4 h5 17. Kh1 Qc8 18. Kh2 Qc7 19. Nce2 d5 20. e5 Ne4 21. c4 h4 22. g4 Rxe5 23. fxe5 Nxe5 24. Bxe4 Nxg4+ 25. Kg2 Qh2+ 26. Kf3 Qxh3+ 27. Ng3 Qxg3+ 28. Ke2 Qh2+ 29. Ke1 dxe4 30. Qc3 Bd6 31. Rd2 Qg3+ 32. Qxg3 Bxg3+ 33. Kd1 Ne3+ 34. Ke2 Nxf1 35. Kxf1 Bh3+ 36. Kg1 c5 37. Nf3 Rxd2 38. Nxd2 e3 39. Nf3 Bg4 40. Kg2 e2 41. Bc3 Bxf3+ 42. Kxf3 e1=Q 0-1


[Site "https://www.chess.com"]

[Event "Titled Tuesday Blitz November 01 Late 2022"]
[White "Sjugirov, Sanan"]
[Black "Firouzja, Alireza"]
[WhiteFideId "4189302"]
[BlackFideId "12573981"]
[WhiteElo "2609"]
[BlackElo "2903"]
[Result "0-1"]
[Round "05"]
[TimeControl "180+1"]
[Date "2022.11.01"]
[WhiteClock "0:00:08"]
[BlackClock "0:01:17"]

1. Nf3 d5 2. g3 Nf6 3. Bg2 g6 4. O-O c5 5. c4 dxc4 6. Qa4+ Nbd7 7. Qxc4 Bg7 8. d3 O-O 9. a4 b6 10. Ng5 Rb8 11. Bf4 e5 12. Bd2 Bb7 13. Bxb7 Rxb7 14. Nc3 h6 15. Nge4 Ne8 16. a5 Nc7 17. Nd6 Rb8 18. a6 Nf6 19. Ndb5 Nxb5 20. Nxb5 Qd7 21. Bc3 Ne8 22. f4 exf4 23. Qxf4 Rd8 24. Bxg7 Nxg7 25. Nc3 Nf5 26. Rf2 Qd4 27. Nb5 Qxf4 28. Rxf4 Rd7 29. Raf1 Re8 30. R1f2 Ne3 31. Nc3 f5 32. h3 Kg7 33. b4 g5 34. Rxf5 cxb4 35. Ne4 Nxf5 36. Rxf5 Rd4 37. Rb5 Rdxe4 38. dxe4 Rxe4 39. Kf2 Kf6 40. Kf3 Rc4 41. e3 Ke6 42. g4 Kd6 43. Ke2 Kc6 44. Rf5 b3 45. Kd3 b2 0-1


[Site "https://www.chess.com"]

[Event "Titled Tuesday Blitz November 01 Late 2022"]
[White "Soto Vega, Jorge"]
[Black "Silva, Caio Henrique Angelico"]
[WhiteFideId "3800580"]
[BlackFideId "22777210"]
[WhiteElo "2263"]
[BlackElo "1990"]
[Result "1-0"]
[Round "05"]
[TimeControl "180+1"]
[Date "2022.11.02"]
[WhiteClock "0:01:00"]
[BlackClock "0:00:02"]

1. e4 c6 2. d4 d5 3. f3 Nf6 4. Nc3 dxe4 5. fxe4 e5 6. Nf3 exd4 7. Qxd4 Qxd4 8. Nxd4 Bc5 9. Nb3 Bb6 10. Bd3 Nbd7 11. Bf4 Ng4 12. Rf1 Be3 13. Bd6 Nge5 14. Ke2 Bg5 15. Nd4 Nxd3 16. cxd3 g6 17. h3 Be7 18. Bh2 a6 19. Kd2 c5 20. Nf3 b5 21. Nd5 Bd8 22. Bd6 Bb7 23. Rae1 Ba5+ 24. Nc3 b4 25. Nd5 b3+ 26. Nc3 bxa2 27. Kc2 Rc8 28. Ng5 f6 29. Ne6 Kf7 30. Ng5+ Kg7 31. Nf3 c4 32. d4 Rhe8 33. d5 Nc5 34. Bxc5 Rxc5 35. Nd4 Bc8 36. Re2 Bc7 37. Nxa2 Be5 38. Nc6 Bd7 39. Nxe5 Rxe5 40. Nc3 f5 41. Ref2 Be8 42. exf5 gxf5 43. Kc1 Bg6 44. Rd1 Rc7 45. d6 Rd7 46. Rfd2 Re6 47. Rd5 Kf7 48. Na4 1-0


[Site "https://www.chess.com"]

[Event "Titled Tuesday Blitz November 01 Late 2022"]
[White "Souleidis, Georgios"]
[Black "Krzyzanowski, Marcin"]
[WhiteFideId "4206827"]
[BlackFideId "1132199"]
[WhiteElo "2401"]
[BlackElo "2435"]
[Result "0-1"]
[Round "05"]
[TimeControl "180+1"]
[Date "2022.11.02"]
[WhiteClock "0:00:59"]
[BlackClock "0:02:13"]

1. e4 g6 2. d4 Bg7 3. Nc3 c6 4. Nf3 d5 5. e5 Bg4 6. h3 Bxf3 7. Qxf3 Qb6 8. Qd3 e6 9. Be2 Ne7 10. O-O O-O 11. Be3 Nf5 12. g4 Nxe3 13. fxe3 Nd7 14. b4 a5 15. a3 Qc7 16. Qd2 f6 17. Bf3 fxe5 18. Bg2 axb4 19. axb4 Rxa1 20. Rxa1 exd4 21. exd4 Qf4 22. Ne2 Qxd2 0-1


[Site "https://www.chess.com"]

[Event "Titled Tuesday Blitz November 01 Late 2022"]
[White "Spitzl, Vinzent"]
[Black "Fernandez Hernandez, Gerardo"]
[WhiteFideId "12901253"]
[BlackFideId "2207400"]
[WhiteElo "2247"]
[BlackElo "2230"]
[Result "0-1"]
[Round "05"]
[TimeControl "180+1"]
[Date "2022.11.02"]
[WhiteClock "0:00:21"]
[BlackClock "0:00:03"]

1. d4 Nf6 2. Nf3 g6 3. c4 Bg7 4. e3 O-O 5. Be2 d6 6. Nc3 Nbd7 7. O-O e5 8. b4 e4 9. Nd2 Re8 10. a4 h5 11. Qc2 Qe7 12. Ba3 Nf8 13. c5 d5 14. c6 b6 15. b5 Qe6 16. Bxf8 Bxf8 17. a5 Rb8 18. axb6 axb6 19. Ra7 Bd6 20. Rfa1 Qf5 21. Ra8 Rxa8 22. Rxa8 Be6 23. Rxe8+ Nxe8 24. f3 Qg5 25. Nf1 Nf6 26. fxe4 dxe4 27. Nxe4 Bxh2+ 28. Kxh2 Qh4+ 29. Kg1 Nxe4 30. Bf3 Ng5 31. Qf2 Qxf2+ 32. Kxf2 Nxf3 33. gxf3 Bc4 34. Nd2 Bxb5 35. d5 Kf8 36. e4 Ke7 37. Ke3 f6 38. f4 Kd6 39. Kd4 Bxc6 40. e5+ fxe5+ 41. fxe5+ Kd7 42. dxc6+ Kxc6 43. Ne4 h4 44. Ng5 b5 45. Nh3 b4 46. Kc4 b3 47. Kxb3 Kd5 48. Kc3 Kxe5 49. Kd3 Kf5 50. Ke3 g5 51. Nf2 g4 52. Nd3 h3 53. Kf2 Ke4 54. Nc5+ Kd5 55. Nd3 c5 56. Kg3 c4 57. Nf2 Kd4 58. Nxg4 c3 59. Nh6 c2 60. Nf5+ Kd3 61. Ne3 Kxe3 62. Kxh3 c1=Q 63. Kg4 Qf1 64. Kg5 Qf4+ 0-1


[Site "https://www.chess.com"]

[Event "Titled Tuesday Blitz November 01 Late 2022"]
[White "Suleymanli, Aydin"]
[Black "Leitao, Rafael"]
[WhiteFideId "13413937"]
[BlackFideId "2101246"]
[WhiteElo "2481"]
[BlackElo "2609"]
[Result "1-0"]
[Round "05"]
[TimeControl "180+1"]
[Date "2022.11.01"]
[WhiteClock "0:00:05"]
[BlackClock "0:00:12"]

1. e4 c5 2. Nf3 d6 3. Bc4 Nf6 4. d3 Nc6 5. O-O g6 6. h3 Bg7 7. a4 O-O 8. c3 b6 9. Bf4 Bb7 10. Nbd2 d5 11. exd5 Nxd5 12. Bh2 Qd7 13. Re1 Rad8 14. Ne4 h6 15. Qe2 e5 16. Rad1 Rfe8 17. Kh1 Kh7 18. Bg3 f5 19. Bh4 Nf4 20. Qf1 fxe4 21. dxe4 Qc7 22. Bxd8 Rxd8 23. Rxd8 Qxd8 24. g3 Nh5 25. Rd1 Qc8 26. Kh2 Nf6 27. Qe2 Qc7 28. Bd5 Nxd5 29. exd5 Nd8 30. Qd3 Nf7 31. d6 Qc6 32. d7 Qxf3 33. Qxf3 Bxf3 34. d8=Q Nxd8 35. Rxd8 Bc6 36. a5 bxa5 37. Rc8 Bd7 38. Rxc5 a4 39. Rc7 Be6 40. Rxa7 Bb3 41. Kg2 e4 42. Kf1 g5 43. Ke2 Kg6 44. Ke3 Bd5 45. Ra6+ Kf7 46. Rxa4 Be5 47. Ra7+ Kf6 48. Ra6+ Kg7 49. Ra5 1-0


[Site "https://www.chess.com"]

[Event "Titled Tuesday Blitz November 01 Late 2022"]
[White "Svane, Rasmus"]
[Black "Drygalov, Sergey"]
[WhiteFideId "4657101"]
[BlackFideId "24171743"]
[WhiteElo "2674"]
[BlackElo "2528"]
[Result "1-0"]
[Round "05"]
[TimeControl "180+1"]
[Date "2022.11.01"]
[WhiteClock "0:00:19"]
[BlackClock "0:00:01"]

1. Nf3 d5 2. g3 g6 3. Bg2 Bg7 4. d4 Nf6 5. O-O O-O 6. c4 c6 7. Qb3 Qb6 8. Nc3 Rd8 9. Bd2 Bf5 10. Na4 Qxb3 11. axb3 Na6 12. Rfc1 h6 13. Ba5 Rdc8 14. e3 Be4 15. Be1 e6 16. Nc3 Bf5 17. Ra4 Nc7 18. h3 g5 19. g4 Bh7 20. Rca1 a6 21. Ne5 Bc2 22. R4a3 Bf8 23. c5 Re8 24. Bf1 Rac8 25. b4 Bh7 26. R3a2 Bg7 27. b5 axb5 28. Ra7 Ra8 29. R1a2 Rxa7 30. Rxa7 Rb8 31. Nxc6 bxc6 32. Rxc7 b4 33. Na4 Ra8 34. b3 Bc2 35. Bxb4 Bxb3 36. Nb6 Ra1 37. Rxc6 Bc4 38. Nxc4 dxc4 39. Rc8+ Kh7 40. c6 Nd5 41. c7 Kg6 42. Kg2 Ra7 43. Bd6 c3 44. Bd3+ f5 45. gxf5+ exf5 46. e4 Nf4+ 47. Bxf4 gxf4 48. exf5+ Kh5 49. Be2+ Kg5 50. f6 Rxc7 51. Rxc7 1-0


[Site "https://www.chess.com"]

[Event "Titled Tuesday Blitz November 01 Late 2022"]
[White "Taboas Rodriguez, Daniel"]
[Black "Haszon, David"]
[WhiteFideId "2208466"]
[BlackFideId "733610"]
[WhiteElo "2429"]
[BlackElo "2211"]
[Result "1-0"]
[Round "05"]
[TimeControl "180+1"]
[Date "2022.11.02"]
[WhiteClock "0:00:28"]
[BlackClock "0:00:13"]

1. d4 Nf6 2. Nf3 g6 3. c4 Bg7 4. Nc3 d5 5. cxd5 Nxd5 6. e4 Nxc3 7. bxc3 O-O 8. Be2 c5 9. O-O Nc6 10. Be3 cxd4 11. cxd4 Bg4 12. d5 Bxf3 13. Bxf3 Ne5 14. Be2 Rc8 15. Rc1 Qa5 16. Qb3 b6 17. a4 Nd7 18. Qb5 Qxb5 19. axb5 Nc5 20. f3 e6 21. Bc4 exd5 22. Bxd5 Nd3 23. Rc6 Nb4 24. Rfc1 Nxc6 25. bxc6 Be5 26. f4 Bc7 27. Kf2 a5 28. Bc4 Rfd8 29. Ke2 a4 30. Ra1 Ra8 31. e5 Rdb8 32. e6 fxe6 33. Bxe6+ Kf8 34. Rd1 a3 35. Rd7 a2 36. Bd4 a1=Q 37. Bxa1 Rxa1 38. Rxc7 Re8 39. Rf7+ Kg8 40. Re7+ Kf8 41. Rxe8+ Kxe8 42. c7 Rc1 43. c8=Q+ Rxc8 44. Bxc8 Ke7 45. Ba6 Kf6 46. Kf3 g5 47. fxg5+ Kxg5 48. Bb5 h5 49. Kg3 Kf5 50. Kh4 Kg6 51. Bd3+ 1-0


[Site "https://www.chess.com"]

[Event "Titled Tuesday Blitz November 01 Late 2022"]
[White "Tan, Ralph"]
[Black "Fernandez Guillen, Ernesto J."]
[WhiteFideId "30966590"]
[BlackFideId "3512428"]
[WhiteElo "2059"]
[BlackElo "2422"]
[Result "0-1"]
[Round "05"]
[TimeControl "180+1"]
[Date "2022.11.02"]
[WhiteClock "0:00:02"]
[BlackClock "0:01:08"]

1. Nf3 Nf6 2. g3 d5 3. Bg2 b6 4. O-O Bb7 5. d4 e6 6. b3 Be7 7. Bb2 O-O 8. c4 Nbd7 9. Nc3 c5 10. e3 Rc8 11. cxd5 Nxd5 12. Rc1 cxd4 13. Nxd4 Nxc3 14. Rxc3 Bxg2 15. Kxg2 Nc5 16. Qf3 Bf6 17. Rd1 e5 18. Ne6 e4 19. Qe2 Qe7 20. Rxc5 Qxe6 21. Rcd5 Bxb2 22. Qxb2 Qg4 23. Qd2 Qf3+ 24. Kg1 h5 25. h4 g6 26. Rd7 a5 27. Re1 b5 28. Qxa5 Rc2 29. Rd2 Rfc8 30. Rf1 R2c5 31. Rd8+ Rxd8 32. Qxd8+ Kh7 33. Qd4 Rf5 34. a4 bxa4 35. bxa4 g5 36. hxg5 Rxg5 37. Qd6 Rg4 38. Qe5 h4 39. Qh5+ Kg8 40. Rc1 Rxg3+ 41. fxg3 Qxh5 0-1


[Site "https://www.chess.com"]

[Event "Titled Tuesday Blitz November 01 Late 2022"]
[White "Tanenbaum, Zachary"]
[Black "Vifleemskaia, Svetlana"]
[WhiteFideId "2060850"]
[BlackFideId "4129490"]
[WhiteElo "2175"]
[BlackElo "1929"]
[Result "1-0"]
[Round "05"]
[TimeControl "180+1"]
[Date "2022.11.02"]
[WhiteClock "0:00:50"]
[BlackClock "0:00:05"]

1. e4 e5 2. Nf3 Nc6 3. Bc4 Nf6 4. d3 Be7 5. O-O O-O 6. Re1 d6 7. a4 a6 8. Nbd2 Be6 9. c3 h6 10. Bxe6 fxe6 11. Nc4 Rb8 12. a5 Qe8 13. d4 exd4 14. cxd4 d5 15. exd5 exd5 16. Nce5 Ne4 17. Qb3 Nf6 18. Nxc6 bxc6 19. Qd3 Rb5 20. Ne5 Bb4 21. Re2 Qh5 22. Nxc6 Ng4 23. h3 Bd6 24. Be3 Bh2+ 25. Kh1 Bd6 26. Rc1 1-0


[Site "https://www.chess.com"]

[Event "Titled Tuesday Blitz November 01 Late 2022"]
[White "Ter-Sahakyan, Samvel"]
[Black "Iliaguev, Nisim"]
[WhiteFideId "13302531"]
[BlackFideId "2817276"]
[WhiteElo "2604"]
[BlackElo "2264"]
[Result "1-0"]
[Round "05"]
[TimeControl "180+1"]
[Date "2022.11.01"]
[WhiteClock "0:00:11"]
[BlackClock "0:00:07"]

1. d4 Nf6 2. c4 e6 3. Nf3 Bb4+ 4. Bd2 Qe7 5. g3 O-O 6. Bg2 Bxd2+ 7. Qxd2 d6 8. O-O e5 9. Nc3 Nc6 10. dxe5 Nxe5 11. Nxe5 Qxe5 12. Rac1 c6 13. Rfd1 Be6 14. b3 Rad8 15. Qd4 Qa5 16. e4 a6 17. h3 Rfe8 18. Qd2 b5 19. Nd5 Qxd2 20. Nxf6+ gxf6 21. Rxd2 bxc4 22. bxc4 c5 23. f4 Kf8 24. Kf2 Ke7 25. Bf1 Rb8 26. Rc3 Rb6 27. g4 Reb8 28. Ke3 Rb2 29. Be2 Rxd2 30. Kxd2 Rb2+ 31. Rc2 Rb6 32. Kc1 Kd7 33. Rb2 Rb4 34. Kc2 Kc7 35. a3 Ra4 36. Kb3 Ra5 37. a4 Bd7 38. Ra2 Bc6 39. Bd3 Kd7 40. h4 Ke7 41. Bc2 Ke6 42. Kc3 Ke7 43. g5 fxg5 44. hxg5 f6 45. Bb3 Bxe4 46. Re2 f5 47. Rh2 Bc6 48. Rxh7+ Kf8 49. Rh2 Kf7 50. Rd2 Ke6 51. g6 Bxa4 52. Ra2 Bxb3 53. Rxa5 Bd1 54. g7 Kf7 55. Rxa6 Kxg7 56. Rxd6 1-0


[Site "https://www.chess.com"]